 Dungeon Crawl Stone Soup version 0.15.2 (webtiles) character file.

268 JackS81 the Spear-Bearer (level 6, 0/44 HPs)
             Began as a Merfolk Death Knight on Aug 18, 2017.
             Was a Believer of Yredelemnul.
             Slain by a worker ant (5 damage)
             ... on Level 4 of the Dungeon.
             The game lasted 00:17:48 (2526 turns).

JackS81 the Spear-Bearer (Merfolk Death Knight)     Turns: 2526, Time: 00:17:49

HP   0/44        AC  5     Str 15      XL: 6   Next: 21%
MP   9/9         EV 11     Int 13      God: Yredelemnul [**....]
Gold 214         SH  0     Dex 13      Spells:  0 memorised,  5 levels left

rFire  . . .     SeeInvis .     a - +1 spear
rCold  . . .     Clarity  .     b - +0 leather armour
rNeg   . . .     rCorr    .     (no shield)
rPois  .         rRot     .     (no helmet)
rElec  .         Spirit   .     d - +1 cloak
SustAb .         Warding  .     (no gloves)
rMut   .         Stasis   .     (no boots)
Gourm  .                        (no amulet)
MR     .....                    (no ring)
                                u - +2 ring of intelligence

@: not resistant to hostile enchantments, very unstealthy
A: change form in water, swift swim
a: Animate Remains, Recall Undead Slaves, Injury Mirror, Renounce Religion


You were on level 4 of the Dungeon.
You worshipped Yredelemnul.
Yredelemnul was pleased with you.
You were not hungry.

You visited 1 branch of the dungeon, and saw 4 of its levels.

You collected 214 gold pieces.

Inventory:

Hand weapons
 a - a +1 spear (weapon)
Missiles
 h - 69 bolts
 i - 14 stones (quivered)
 q - 26 poisoned needles
Armour
 b - a +0 leather armour (worn)
 d - a +1 cloak (worn)
 f - a +0 cloak
 y - a +2 robe of fire resistance
Comestibles
 c - 3 bread rations
 z - 2 chunks of jackal flesh
Scrolls
 g - 3 scrolls of remove curse
 j - 3 scrolls of teleportation
 m - 2 scrolls of recharging
 o - a scroll of identify
 s - 2 scrolls of magic mapping
 w - a scroll of immolation {unknown}
 x - a scroll of fear {unknown}
Jewellery
 n - an uncursed ring of protection from magic {unknown}
 u - a +2 ring of intelligence (left hand)
 v - a cursed ring of loudness
Potions
 e - a potion of confusion {unknown}
 k - a potion of cure mutation {unknown}
 l - a potion of restore abilities {unknown}
 p - a potion of cancellation
 r - a potion of heal wounds {unknown}
 t - a potion of might {unknown}
 A - a potion of agility {unknown}


   Skills:
 - Level 2.1 Fighting
 * Level 9.2 Polearms
 - Level 0.6 Armour
 - Level 1.3 Dodging
 - Level 3.0 Invocations


You had 5 spell levels left.
You didn't know any spells.

Dungeon Overview and Level Annotations

Branches:
Dungeon (4/15)
 Temple: D:4-7

Altars:
Dithmenos
Yredelemnul


Message History

The worker ant bites you.
* * * LOW HITPOINT WARNING * * *
Your orc zombie closely misses the worker ant.
Your orc zombie hits the worker ant.
The worker ant barely misses you.
You are too injured to fight recklessly!
You are too injured to fight recklessly!
You are too injured to fight recklessly!
You are too injured to fight recklessly!
You completely miss the worker ant.
The worker ant is heavily wounded.
You barely miss the worker ant.
The worker ant is heavily wounded.
The worker ant bites you.
* * * LOW HITPOINT WARNING * * *
Your orc zombie hits the worker ant.
You hit the worker ant.
The worker ant is severely wounded.
The worker ant bites you.
You die...
Your body rises from the dead as a mindless zombie.

#.......(...#........
#...........'......#
#.....>.....#......#
#.....###...#......+
##'######...#%.....#
#...........#).....##+######
#..........Z(......(.......#
#..........a#..............+
#.....##...@###+###........#
#.....##....##....+........#
#.................#........#
#.....##..........#........#
#.....##....####'##........#
#...........#..............+
#...........#..............#
#...........#..............#
#...........'..............


You could see a worker ant and a friendly orc zombie.

Vanquished Creatures
  Sigmund (D:3)
  The ghost of JackS81 the Poker, a weakling MfDK of Yredelemnul (D:3)
  An orc priest (D:4)
  A worker ant (D:4)
  2 adders (D:3)
  3 worms
  A giant gecko (D:2)
  An ooze (D:3)
  2 orcs (D:4)
  A giant cockroach (D:2)
  10 hobgoblins
  17 jackals
  2 quokkas
  4 ball pythons
  5 bats
  2 giant newts (D:2)
  6 goblins
  6 kobolds
  5 rats
71 creatures vanquished.

Vanquished Creatures (collateral kills)
  A jackal (D:2)
  A bat (D:2)
2 creatures vanquished.

Vanquished Creatures (others)
  A worm zombie (D:3)
  A goblin zombie (D:3)
  2 jackal zombies (D:2)
  A kobold zombie (D:3)
5 creatures vanquished.

Grand Total: 78 creatures vanquished

Notes
Turn   | Place    | Note
--------------------------------------------------------------
     0 | D:1      | JackS81, the Merfolk Death Knight, began the quest for the Orb.
     0 | D:1      | Reached XP level 1. HP: 16/16 MP: 2/2
   323 | D:1      | Reached skill level 4 in Polearms
   323 | D:1      | Reached XP level 2. HP: 22/22 MP: 3/3
   695 | D:2      | Reached XP level 3. HP: 25/27 MP: 5/5
   700 | D:2      | Acquired Yredelemnul's second power
   700 | D:2      | Reached skill level 5 in Polearms
  1125 | D:3      | Reached skill level 6 in Polearms
  1125 | D:3      | Reached XP level 4. HP: 28/33 MP: 6/6
  1288 | D:3      | Noticed JackS81's ghost (weakling MfDK)
  1293 | D:3      | Noticed Sigmund
  1492 | D:3      | Found a basalt altar of Yredelemnul.
  1543 | D:3      | Killed JackS81's ghost
  1543 | D:3      | Reached skill level 7 in Polearms
  1727 | D:3      | Reached XP level 5. HP: 32/38 MP: 8/8
  1793 | D:3      | Killed Sigmund
  1793 | D:3      | Reached skill level 8 in Polearms
  2185 | D:4      | Found a shadowy altar of Dithmenos.
  2287 | D:4      | Reached XP level 6. HP: 37/44 MP: 9/9
  2498 | D:4      | Reached skill level 9 in Polearms
  2526 | D:4      | Slain by a worker ant

Action                   |  1- 3 |  4- 6 || total
-------------------------+-------+-------++-------
Melee: Spear             |   132 |   160 ||   292
Throw: Stone             |       |     4 ||     4
Invok: Animate Remains   |     3 |     7 ||    10
       Injury Mirror     |       |     1 ||     1
  Use: Scroll            |     7 |     1 ||     8
       Potion            |       |     1 ||     1
 Stab: Distracted        |     1 |       ||     1
  Eat: Chunk             |     1 |     1 ||     2
       Fruit             |       |     2 ||     2
       Meat ration       |       |     1 ||     1
